AoeStats
← muhaliefr06

Arabia

510722844Analyzed
4v4 RM · 15h ago on Oct 2, 2026· 49m 50s· 8 players
Game mode
Random Map
Map size
Large (8 player)
Population
200
Speed
Normal
Resources
Standard
Victory
Conquest
Starting age
Dark Age
Ending age
Imperial Age
RankedLock teamsTeams togetherTeam positionsShared explorationLock speedFull tech treeHidden civsTurbo modeCheats
Victory
Defeat
🇺🇸 Lithuanians · United States
1075
+8
🇨🇳 Maya · China
989
+11
🇮🇩 Persians · Indonesia
979
+11
🇮🇳 Franks · India
786
+19
🇦🇺 Ethiopians · Australia
900
-13
🇮🇳 Poles · India
882
-13
🇨🇳 Huns · China
856
-12
🇦🇺 Britons · Australia
839
-11
findsarfaraz
4:38 Loom
12:37 Feudal Age
13:47 Horse Collar
15:13 Double-Bit Axe
20:29 Castle Age
21:27 Heavy Plow
26:11 Bow Saw
27:21 Wheelbarrow
28:25 Szlachta Privileges
29:16 Bloodlines
29:07 Husbandry
29:14 Scale Barding Armor
31:35 Forging
31:47 Chain Barding Armor
35:01 Iron Casting
39:12 Imperial Age
40:23 Conscription
40:23 Lechitic Legacy
41:42 Blast Furnace
40:05 Cavalier
41:00 Pikeman
43:12 Scale Mail Armor
43:40 Light Cavalry
46:36 Chain Mail Armor
46:36 Winged Hussar
48:21 Crop Rotation
wkl
3:44 Loom
10:58 Feudal Age
11:31 Double-Bit Axe
11:29 Horse Collar
14:18 Gold Mining
21:11 Castle Age
20:44 Stone Mining
21:19 Bloodlines
22:52 Bow Saw
22:45 Heavy Plow
23:54 Gold Shaft Mining
23:23 Pikeman
24:59 Wheelbarrow
34:29 Imperial Age
32:15 Hand Cart
31:47 Town Watch
34:20 Town Patrol
36:38 Two-Man Saw
35:05 Light Cavalry
35:06 Cavalier
35:46 Husbandry
36:10 Conscription
36:32 Forging
36:23 Scale Mail Armor
36:24 Padded Archer Armor
36:29 Scale Barding Armor
36:15 Fletching
37:34 Hussar
37:59 Paladin
40:59 Bodkin Arrow
41:40 Iron Casting
41:21 Chain Mail Armor
41:21 Leather Archer Armor
41:27 Chain Barding Armor
42:02 Squires
42:45 Murder Holes
42:54 Bracer
43:58 Chemistry
43:25 Atheism
43:03 Halberdier
43:29 Arson
45:01 Capped Ram
45:49 Marauders
46:54 Caravan
46:47 Siege Ram
Shonhor
5:36 Loom
10:43 Feudal Age
16:49 Castle Age
16:10 Double-Bit Axe
16:26 Horse Collar
24:11 Wheelbarrow
25:32 Bow Saw
29:23 Gold Mining
29:25 Stone Mining
33:00 Imperial Age
30:28 Fletching
30:49 Forging
30:10 Pikeman
33:20 Scale Mail Armor
33:27 Scale Barding Armor
33:24 Padded Archer Armor
33:50 Heavy Plow
35:30 Hand Cart
35:40 Husbandry
35:01 Light Cavalry
37:53 Conscription
39:07 Squires
38:27 Halberdier
38:49 Elite Skirmisher
40:25 Ballistics
41:19 Chain Mail Armor
45:11 Chemistry
44:49 Iron Casting
44:10 Bodkin Arrow
44:33 Caravan
Therealjammo
0:30 Loom
13:32 Feudal Age
20:43 Castle Age
22:12 Wheelbarrow
24:06 Hand Cart
26:04 Horse Collar
27:08 Double-Bit Axe
27:17 Stone Mining
28:07 Gold Mining
28:33 Bow Saw
29:17 Crossbowman
30:02 Thumb Ring
34:40 Imperial Age
33:10 Heavy Plow
35:54 Conscription
35:20 Crossbowman
36:05 Thumb Ring
37:43 Light Cavalry
40:35 Two-Man Saw
46:40 Arbalester
Oliver
9:43 Feudal Age
12:04 Double-Bit Axe
14:23 Fletching
15:30 Padded Archer Armor
18:46 Town Watch
22:40 Castle Age
22:29 Horse Collar
23:38 Eagle Warrior
24:21 Squires
25:29 Bow Saw
25:12 Gold Mining
25:13 Stone Mining
29:53 Bodkin Arrow
29:38 Pikeman
30:57 Forging
30:49 Scale Mail Armor
32:43 Wheelbarrow
35:09 Stone Shaft Mining
37:08 Imperial Age
34:31 Loom
37:09 Iron Casting
36:49 Chain Mail Armor
38:55 Two-Man Saw
38:00 Heavy Plow
38:34 Holcans
39:04 Conscription
39:16 Hand Cart
39:14 Elite Eagle Warrior
39:40 Arson
42:31 Caravan
43:56 Crop Rotation
48:49 Chemistry
48:09 Ballistics
47:31 Treadmill Crane
50:40 Blast Furnace
50:10 Plate Mail Armor
muhaliefr06
11:50 Feudal Age
13:09 Wheelbarrow
13:20 Loom
18:01 Castle Age
20:36 Hand Cart
20:26 Double-Bit Axe
20:22 Horse Collar
24:22 Bow Saw
26:08 Heavy Plow
27:18 Gold Mining
29:32 Hand Cart
29:44 Stone Mining
30:16 Husbandry
30:11 Pikeman
31:44 Forging
31:40 Scale Barding Armor
35:45 Imperial Age
33:51 Kamandaran
34:09 Padded Archer Armor
34:30 Chain Barding Armor
34:36 Bloodlines
34:02 Crossbowman
37:09 Scale Mail Armor
38:24 Iron Casting
37:36 Halberdier
38:18 Squires
38:05 Gambesons
38:51 Thumb Ring
39:08 Conscription
39:23 Elite War Elephant
39:29 Light Cavalry
41:09 Plate Barding Armor
41:24 Arson
44:53 Heavy Scorpion
49:17 Man-at-Arms
49:20 Hussar
Zoro
11:11 Feudal Age
13:12 Double-Bit Axe
22:27 Castle Age
28:42 Stone Mining
30:09 Gold Mining
31:55 Pikeman
39:46 Imperial Age
40:46 Caravan
44:11 Halberdier
44:44 Cavalier
49:05 Cavalier
DooWopShooBop
11:03 Feudal Age
15:59 Castle Age
24:18 Horse Collar
24:34 Double-Bit Axe
27:40 Padded Archer Armor
28:57 Scale Barding Armor
29:10 Bloodlines
29:01 Husbandry
30:10 Gold Mining
31:12 Fletching
32:27 Chain Barding Armor
32:19 Forging
36:29 Imperial Age
34:25 Heavy Plow
36:13 Iron Casting
36:35 Cavalier
38:16 Plate Barding Armor
42:47 Leather Archer Armor
43:02 Paladin
46:05 Paladin
Connection lost

Rejoining the realm…

Still unreachable

The connection could not be restored.

Session expired

The server has moved on; the page needs a fresh start.